 Dungeon Crawl Stone Soup version 0.32-a0-898-g7811c86cf0 (webtiles) character file.

Game seed: 11937246897045845942

96 Lanoc the Shooter (level 4, -5/35 HPs)
             Began as a Coglin Hunter on Apr 4, 2024.
             Slain by a gnoll
             ... wielding a +0 whip
              (7 damage)
             ... on level 3 of the Dungeon.
             The game lasted 00:02:06 (1890 turns).

Lanoc the Shooter (Coglin Hunter)                   Turns: 1890, Time: 00:02:06

Health: -5/35      AC:  3    Str: 11    XL:     4   Next: 67%
Magic:  4/4        EV: 12    Int:  9    God:
Gold:   115        SH:  0    Dex: 19    Spells: 3/3 levels left

rFire   x . .        h - +11 lajatang "Susamol" {heavy, rElec rF- rN++ Stlth+}
rCold   . . .        (shield currently unavailable)
rNeg    + + .        c - +0 leather armour
rPois   .            (no helmet)
rElec   +            (no cloak)
rCorr   .            (no gloves)
SInv    .            (no boots)
Will    .....        (amulet unavailable)
Stlth   +++          (ring unavailable)
HPRegen 0.25/turn    (ring unavailable)
MPRegen 0.09/turn    (no gizmo)

%: no passive effects
@: revved
A: off-hand wielding, slow wielding, warmup strikes, no jewellery
a: Invent Gizmo


You were on level 3 of the Dungeon.
You visited 1 branch of the dungeon, and saw 3 of its levels.
You also visited: Sewer.

You collected 115 gold pieces.

Inventory:

Hand Weapons
 a - a +2 sling {Junzo}
 h - the +11 lajatang "Susamol" (weapon) {heavy, rElec rF- rN++ Stlth+}
   (You acquired it on level 3 of the Dungeon)

   rF-:       It makes you vulnerable to fire.
   rElec:     It insulates you from electricity.
   rN++:      It greatly protects you from negative energy.
   Stlth+:    It makes you more stealthy.
Missiles
 n - a throwing net
Armour
 c - a +0 leather armour (worn)
Scrolls
 b - a scroll of butterflies
 d - a scroll of enchant armour {unknown}
 l - a scroll of poison {unknown}
 o - a scroll of fog {unknown}
Potions
 e - 3 potions of haste {unknown}
 f - 2 potions of enlightenment {unknown}
 g - 3 potions of degeneration {unknown}
 i - 4 potions of curing {unknown}
 j - a potion of brilliance {unknown}
 k - a potion of cancellation {unknown}
 m - a potion of attraction {unknown}
 p - 2 potions of might {unknown}


   Skills:
 + Level 3.2 Fighting
 - Level 4.1 Ranged Weapons
 + Level 2.9 Dodging
 - Level 0.7 Stealth


You had 3 spell levels left.
You didn't know any spells.
Your spell library contained the following spells:

 Spells                   Type           Power      Damage    Failure   Level
 Lesser Beckoning         Tloc           0%         N/A       63%         2
 Maxwell's Portable Pile  Tloc           0%         2d(5-13)  85%         3
 Teleport Other           Tloc           0%         N/A       85%         3


Dungeon Overview and Level Annotations

Branches:
Dungeon (3/15)              Sewer (visited)

Altars:


Innate Abilities, Weirdness & Mutations

You can wield a second weapon in your off-hand.
It takes a long time for you to wield or remove held weapons.
Your first few attacks do less damage.
You cannot equip rings or amulets.


Message History

A hobgoblin comes into view.
The helpless hobgoblin fails to defend itself.
You slash the hobgoblin!
You kill the hobgoblin!
You see here a hobgoblin corpse.
You see here a +3 sling.
A gnoll comes into view. It is wielding a +0 club.
An orc comes into view.
It is wielding a +1 hand axe of venom. 2 gnolls come into view.
The gnoll shouts! x3; The orc shouts!
You hit the orc but do no damage. The orc closely misses you.
The orc completely misses you.
You slash the orc!
You kill the orc!
The gnoll closely misses you.
You barely miss the gnoll. The gnoll barely misses you.
The gnoll hits you with a +0 club. The gnoll hits you but does no damage.
The gnoll misses you.
You slash the gnoll!
You kill the gnoll!
The gnoll barely misses you. The gnoll closely misses you.
The gnoll barely misses you. The gnoll closely misses you.
You closely miss the gnoll. The gnoll hits you with a +0 club!
The gnoll hits you with a +0 whip. x2; The gnoll hits you with a +0 club.
You are too injured to fight recklessly!
You are too injured to fight recklessly!
You barely miss the gnoll. The gnoll misses you.
The gnoll hits you with a +0 whip!
* * * LOW HITPOINT WARNING * * *
You closely miss the gnoll. The gnoll misses you. The gnoll barely misses you.
The gnoll closely misses you. The gnoll hits you with a +0 whip.
* * * LOW HITPOINT WARNING * * *
The gnoll closely misses you.
You closely miss the gnoll. The gnoll hits you but does no damage.
The gnoll closely misses you. The gnoll barely misses you.
The gnoll hits you with a +0 club.
* * * LOW HITPOINT WARNING * * *
You barely miss the gnoll. The gnoll barely misses you. x2
The gnoll hits you with a +0 whip!
You die...

*,*
***,,,,,**,**~,*,~,,,***,~,*
,,*
*,,,,,,,*#.**≈.#.≈,**,_*,~,*
,**
*,,,,,,,##.#*≈.#.~,*,,,*,~,*
,*
*,***,,,,..#*.≈.#,~,,,~,*,~,
,* *,*
#,***#.#*.≈.#,~_,~~,*,~, ,**
*,* #.* #.##.≈.#,~~~,,,*,~,
,,*
*,*##.####....≈.#,,,,****,~,
*,*
*,,......#.g#)≈.####*,,,,,~,
*,*
*,**#......@g.≈.....,~~~~~~,
*,* *,*
####...##.≈≈≈≈≈≈~,,,,,,, *,*
*,* #...#*.......,*******
*,* *,* #...#*##.####,*
***,, *,* *,* #...#
##.#***,***,,,, *,*
*,######...# #...,,,,,,,,,,,
*,* *,.........#
#.#*#**,**,,*** *,*
**######..## #.# *,*#..#
*,** #..# #.# *,*#..#


You could see 2 gnolls.

Vanquished Creatures
  A hell rat (Sewer)
  A gnoll (D:3)
  2 river rats (Sewer)
  An orc (D:3)
  6 ball pythons
  4 bats
  2 endoplasms
  2 giant cockroaches
  2 goblins (D:2)
  6 hobgoblins
  4 frilled lizards (D:1)
  6 kobolds
  9 rats
46 creatures vanquished.

Notes
Turn   | Place    | Note
-------+----------+-------------------------------------------
     0 | D:1      | Lanoc the Coglin Hunter began the quest for the Orb.
     0 | D:1      | Reached XP level 1. HP: 16/16 MP: 1/1
   259 | D:1      | Reached XP level 2. HP: 22/22 MP: 2/2
   527 | D:1      | Reached skill level 4 in Ranged Weapons
   816 | D:2      | Reached XP level 3. HP: 28/28 MP: 3/3
  1569 | D:3      | Identified a scroll of acquirement
  1569 | D:3      | Acquired the +11 lajatang "Susamol" {heavy, rElec rF- rN++
                  | Stlth+}
  1597 | D:3      | Found a glowing drain.
  1614 | Sewer    | Entered a sewer
  1650 | Sewer    | Reached XP level 4. HP: 20/34 MP: 4/4
  1889 | D:3      | HP: 1/35 [gnoll/+0 club (5)]
  1890 | D:3      | Slain by a gnoll

Illustrated notes

Levels and vault maps discovered:
D:1:      nicolae_arrival_somewhat_less_tricky_arrival, layout_basic,
          kennysheep_small_spiral, chequers_arboretum, st_stairs_14
D:2:      layout_basic
D:3:      layout_loops_ring, nicolae_overflow_squiral,
          nicolae_overflow_two_pavilions, portal_sewer_entry_a,
          kennysheep_nondescript

Skill      XL: |  1  2  3  4 |
---------------+-------------+-----
Dodging        | 2 |  2.9
Ranged Weapons | 4 |  4.1
Fighting       | 3 |  3.2
Stealth        | |  0.7

Action                     |  1- 3 |  4- 6 || total
---------------------------+-------+-------++-------
  Melee: Lajatang          |    16 |    13 ||    29
   Fire: Sling             |   100 |       ||   100
    Use: Scroll            |     2 |       ||     2
   Stab: Sleeping          |     2 |     1 ||     3
 Armour: Leather armour    |    36 |    12 ||    48
  Dodge: Dodged            |    25 |    19 ||    44

Table legend: (Time is in decaauts)
 A = Elapsed time spent in this place.
 B = Non-inter-level travel time spent in this place.
 C = Inter-level travel time spent in this place.
 D = Time resting spent in this place.
 E = Time spent auto-exploring this place.
 F = Levels seen in this place.
 G = Mean time per level.
                   A        B        C        D        E       F      G
               +--------+--------+--------+--------+--------+-----+--------+
         Total |   1943 |   1898 |     45 |      0 |   1624 |   4 |  485.8 |
       Dungeon |   1792 |   1747 |     45 |      0 |   1527 |   3 |  597.3 |
         Sewer |    150 |    150 |      0 |      0 |     96 |   1 |  150.0 |
               +--------+--------+--------+--------+--------+-----+--------+

Top non-repeatable levels by time:
     D:2: 814 daAuts
     D:1: 765 daAuts
     D:3: 211 daAuts
   Sewer: 150 daAuts
